 Dungeon Crawl Stone Soup version 0.29-a0-330-g52719c12eb (webtiles) character file.

Game seed: 6131801749816287813

19 sanka the Insei (level 2, 29/29 HPs)
             Began as a Gnoll Monk on Apr 29, 2022.
             Was a Believer of Vehumet.
             Quit the game on level 1 of the Dungeon.
             The game lasted 00:01:15 (923 turns).

sanka the Insei (Gnoll Monk)                         Turns: 923, Time: 00:01:15

Health: 29/29      AC:  3    Str: 10    XL:     2   Next: 75%
Magic:  2/2        EV: 15    Int:  9    God:    Vehumet [**....]
Gold:   55         SH:  0    Dex: 14    Spells: 2/2 levels left

rFire   . . .      SeeInvis .     - Unarmed
rCold   . . .      Faith    .   (no shield)
rNeg    . . .      Spirit   .   a - +0 robe
rPois   .          Reflect  .   (no helmet)
rElec   .          Harm     .   (no cloak)
rCorr   .          Rampage  .   (no gloves)
Will    +....                   g - +0 pair of boots
Stlth   +++.......              (no amulet)
HPRegen 0.09/turn               (no ring)
MPRegen 0.08/turn               f - ring of willpower

@: no status effects
A: fangs 1, strong nose, distributed training
a: Renounce Religion


You were on level 1 of the Dungeon.
You worshipped Vehumet.
Vehumet was pleased with you.
You visited 1 branch of the dungeon, and saw 1 of its levels.

You collected 55 gold pieces.


Innate Abilities, Weirdness & Mutations

You have very sharp teeth.
Your uncanny sense of smell can sniff out nearby items.
Your experience applies equally to all skills.


   Skills:
 + Level 6.5 Fighting
 + Level 0.5 Short Blades
 + Level 0.5 Long Blades
 + Level 0.5 Axes
 + Level 0.5 Maces & Flails
 + Level 0.5 Polearms
 + Level 0.5 Staves
 + Level 0.5 Slings
 + Level 0.5 Bows
 + Level 0.5 Crossbows
 + Level 0.5 Throwing
 + Level 0.5 Armour
 + Level 6.5 Dodging
 + Level 4.1 Stealth
 + Level 0.5 Shields
 + Level 6.5 Unarmed Combat
 + Level 0.5 Spellcasting
 + Level 0.3 Conjurations
 + Level 0.3 Hexes
 + Level 0.3 Summonings
 + Level 0.3 Necromancy
 + Level 0.3 Translocations
 + Level 0.3 Transmutations
 + Level 0.3 Fire Magic
 + Level 0.3 Ice Magic
 + Level 0.3 Air Magic
 + Level 0.3 Earth Magic
 + Level 0.3 Poison Magic
 + Level 0.6 Invocations
 + Level 0.5 Evocations


You had 2 spell levels left.
You didn't know any spells.
Your spell library contained the following spells:

 Spells                   Type           Power      Damage    Failure   Level
 Magic Dart               Conj           0%         1d3       34%         1
 Beastly Appendage        Tmut           0%         N/A       34%         1
 Wereblood                Tmut           0%         N/A       45%         2
 Spider Form              Tmut/Pois      0%         N/A       71%         3

Inventory:

Armour
 a - a +0 robe (worn)
 g - a +0 pair of boots (worn)
Jewellery
 f - a ring of willpower (right hand)
Scrolls
 d - a scroll of teleportation {unknown}
 e - a scroll of magic mapping {unknown}
Potions
 b - 2 potions of ambrosia
 c - a potion of berserk rage {unknown}
 h - a potion of degeneration {unknown}
 i - a potion of haste {unknown}
 j - a potion of flight {unknown}

Dungeon Overview and Level Annotations

Branches:
Dungeon (1/15)

Altars:
Vehumet

.▒▒▒.▒▒▒.........▒
▒▒..........
.▒.(..▒▒....♣....▒
▒▒▒▒▒▒▒....
▒....▒...........▒
▒....
▒▒▒▒▒▒▒▒▒.......▒▒
▒....
▒▒...▒▒▒▒▒▒...▒▒▒
▒.... .......▒▒
▒▒▒.▒▒▒▒ ▒▒▒▒....
........▒ ▒▒▒...▒▒▒
▒.......
...<....▒▒▒▒.......▒▒
▒.......
.........▒▒.....g...▒
▒.......
.......▒▒......♣....▒
▒.....▒▒
▒▒...▒▒▒▒▒▒.........▒
▒.....▒▒ ▒▒▒▒▒
▒▒.......▒▒ ▒.....▒
▒▒▒...▒▒▒ ▒.....▒
▒▒▒▒▒ ▒▒▒.....▒▒
▒......... ▒.▒▒▒▒▒▒▒▒
▒.▒


There were no monsters in sight!


Message History

There is an open door here.
Things that are here:
a +0 short sword; a +0 dagger You see here a +0 falchion.
You open the door. You open the door.
Found a faded altar of an unknown god.
There is an open door here.
You open the door.
There is an open door here.
Found 7 gold pieces.
Search for what [? for help]? altar
There is an open door here.
There is an open door here.
There is a faded altar of an unknown god here.
You cannot tell which god this altar belongs to.
Convert to them anyway?
Okay, then.
You cannot tell which god this altar belongs to.
Convert to them anyway?
Vehumet accepts your prayer! Vehumet welcomes you!
You can now gain magical power from killing.
Vehumet offers you knowledge of Magic Dart.
There is an open door here.
There is an open door here.
You now have 55 gold pieces (gained 7).
There is an open door here.
You see here 12 stones.
You see here 12 stones.
Done exploring.
Are you sure you want to abandon this character and quit the game? (Confirm with "yes".)

Action                   || total
-------------------------++-------
Melee: Unarmed           ||    47
       Bite              ||     5
 Stab: Sleeping          ||     3
Armor: Robe              ||     4
Dodge: Dodged            ||    26

Levels and vault maps discovered:
D:1:      dpeg_arrival_three_same_balls, layout_basic,
          shapermc_ecumenical_altar_mp_vishouse, skrybe_limestone_x

Notes
Turn   | Place    | Note
-------+----------+-------------------------------------------
     0 | D:1      | sanka the Gnoll Monk began the quest for the Orb.
     0 | D:1      | Reached XP level 1. HP: 23/23 MP: 1/1
   287 | D:1      | Reached XP level 2. HP: 23/29 MP: 2/2
   750 | D:1      | Found a faded altar of an unknown god.
   805 | D:1      | Prayed at the altar of an unknown god.
   805 | D:1      | Became a worshipper of Vehumet
   805 | D:1      | Reached * piety under Vehumet
   805 | D:1      | Offered knowledge of Magic Dart by Vehumet.
   805 | D:1      | Reached ** piety under Vehumet
   923 | D:1      | Quit the game

Vanquished Creatures
  An endoplasm (D:1)
  2 giant cockroaches (D:1)
  2 goblins (D:1)
  2 hobgoblins (D:1)
  2 kobolds (D:1)
  A quokka (D:1)
  2 ball pythons (D:1)
  3 frilled lizards (D:1)
  2 rats (D:1)
17 creatures vanquished.
